TOP OF THE 1ST |
San Antonio Missions batting - Pitching for Harrisburg Senators : RHP Nick Nelson
|
Pitching: RHP Nick Nelson
|
|
Batting: SHB Tommy Edman
|
0-0: Foul Ball, location: 2F 0-1: Ball 1-1: Ball 2-1: Ball 3-1: SINGLE (Line Drive, 56D)
|
Batting: SHB Bryan Reynolds
|
0-0: Called Strike 0-1: Swinging Strike 0-2: Strikes out swinging
|
Batting: LHB Joshua Lowe
|
0-0: Ball 1-0: Called Strike 1-1: Ball 2-1: Fielders Choice at 2nd, 5-4 (Groundball, 5S)
|
Batting: RHB Micker Adolfo
|
0-0: Ball 1-0: Called Strike Joshua Lowe steals 2nd base 1-1: SINGLE (Line Drive, 8LM) Joshua Lowe to third Runner from 3rd tries for Home, SAFE, no throw
|
Batting: RHB Danny Mendick
|
0-0: Ball 1-0: Foul Ball, location: 2F 1-1: SINGLE (Line Drive, 4MD) Micker Adolfo to second Runner from 2nd tries for 3rd, SAFE, throw made to third
|
Batting: RHB Martin Cervenka
|
0-0: Called Strike 0-1: Ball 1-1: Ball 2-1: Called Strike 2-2: Foul Ball, location: 2F 2-2: Strikes out swinging
|
Top of the 1st over - 1 run, 3 hits, 0 errors, 2 left on base; San Antonio 1 - Harrisburg 0 |
BOTTOM OF THE 1ST |
Harrisburg Senators batting - Pitching for San Antonio Missions : RHP Connor Grey
|
Pitching: RHP Connor Grey
|
|
Batting: SHB Vidal Brujan
|
0-0: Called Strike 0-1: Ball 1-1: Ball 2-1: Ball 3-1: Ground out 5-3 (Groundball, 5L)
|
Batting: RHB Isaac Paredes
|
0-0: Foul Ball, location: 2F 0-1: Ball 1-1: Ball 2-1: Ground out 4-3 (Groundball, 4)
|
Batting: SHB Rosell Herrera
|
0-0: Ball 1-0: Ball 2-0: Ground out U3 (Groundball, 3)
|
Bottom of the 1st over - 0 runs, 0 hits, 0 errors, 0 left on base; San Antonio 1 - Harrisburg 0 |
TOP OF THE 2ND |
San Antonio Missions batting - Pitching for Harrisburg Senators : RHP Nick Nelson
|
Batting: LHB Dillon Dobson
|
0-0: Ball 1-0: Ball 2-0: Foul Ball, location: 2F 2-1: Called Strike 2-2: Foul Ball, location: 2F 2-2: Foul Ball, location: 2F 2-2: Ball 3-2: Base on Balls
|
Batting: LHB Carlos Sepulveda
|
0-0: Called Strike 0-1: SINGLE (Flyball, 78M) Dillon Dobson to second
|
Batting: RHB John Norwood
|
0-0: Ball 1-0: Called Strike 1-1: Ball 2-1: SINGLE (Flyball, 9LS) Dillon Dobson to third Carlos Sepulveda to second
|
Batting: SHB Tommy Edman
|
0-0: Called Strike 0-1: Ball 1-1: Foul Ball, location: 2F 1-2: Ball 2-2: Ball 3-2: Foul Ball, location: 2F 3-2: Foul Ball, location: 2F 3-2: Foul Ball, location: 2F 3-2: Base on Balls Dillon Dobson scores Carlos Sepulveda to third John Norwood to second
|
Batting: SHB Bryan Reynolds
|
0-0: Ball 1-0: Fielders Choice at 2nd, 5-4 (Groundball, 56) Carlos Sepulveda scores John Norwood to third
|
Batting: LHB Joshua Lowe
|
0-0: Fly out, F9 (Flyball, 89M) Runner from 3rd tags up, SCORES, throw made
|
Batting: RHB Micker Adolfo
|
0-0: Ball 1-0: Ball 2-0: Foul Ball, location: 2F 2-1: Called Strike 2-2: Ground out 1-3 (Groundball, 15)
|
Top of the 2nd over - 3 runs, 2 hits, 0 errors, 1 left on base; San Antonio 4 - Harrisburg 0 |
BOTTOM OF THE 2ND |
Harrisburg Senators batting - Pitching for San Antonio Missions : RHP Connor Grey
|
Batting: LHB Cord Sandberg
|
0-0: Ball 1-0: Called Strike 1-1: Ball 2-1: Ball 3-1: Foul Ball, location: 2F 3-2: Foul Ball, location: 2F 3-2: SINGLE (Line Drive, 9S)
|
Batting: LHB Jeremy Vasquez
|
0-0: Ball 1-0: Grounds into double play, U6-3 (Groundball, 4M)
|
Batting: RHB K.J. Harrison
|
0-0: DOUBLE (Line Drive, 7LD)
|
Batting: LHB Isael Soto
|
0-0: Called Strike 0-1: SINGLE (Line Drive, 9LS) K.J. Harrison to third Runner from 3rd tries for Home, SAFE, no throw
|
Batting: RHB Juan Uriarte
|
0-0: Foul Ball, location: 2F 0-1: Ball 1-1: Swinging Strike 1-2: Strikes out swinging
|
Bottom of the 2nd over - 1 run, 3 hits, 0 errors, 1 left on base; San Antonio 4 - Harrisburg 1 |
TOP OF THE 3RD |
San Antonio Missions batting - Pitching for Harrisburg Senators : RHP Nick Nelson
|
Batting: RHB Danny Mendick
|
0-0: Foul Ball, location: 2F 0-1: Fly out, F9 (Flyball, 9S)
|
Batting: RHB Martin Cervenka
|
0-0: Called Strike 0-1: Ball 1-1: Ball 2-1: Ball 3-1: Called Strike 3-2: Foul Ball, location: 2F 3-2: Foul Ball, location: 2F 3-2: Base on Balls
|
Batting: LHB Dillon Dobson
|
0-0: Ball 1-0: Grounds into double play, 6-4-3 (Groundball, 6M)
|
Top of the 3rd over - 0 runs, 0 hits, 0 errors, 0 left on base; San Antonio 4 - Harrisburg 1 |
BOTTOM OF THE 3RD |
Harrisburg Senators batting - Pitching for San Antonio Missions : RHP Connor Grey
|
Batting: RHB Justin Connell
|
0-0: Bunt for hit - play at first, batter OUT! 5-3
|
Batting: SHB Vidal Brujan
|
0-0: Fly out, F7 (Flyball, 7)
|
Batting: RHB Isaac Paredes
|
0-0: Foul Ball, location: 2F 0-1: Ball 1-1: Foul Ball, location: 2F 1-2: DOUBLE (Line Drive, 89D)
|
Batting: SHB Rosell Herrera
|
0-0: Foul Ball, location: 2F 0-1: Swinging Strike 0-2: Ball 1-2: Ground out 5-3 (Groundball, 56)
|
Bottom of the 3rd over - 0 runs, 1 hit, 0 errors, 1 left on base; San Antonio 4 - Harrisburg 1 |
TOP OF THE 4TH |
San Antonio Missions batting - Pitching for Harrisburg Senators : RHP Nick Nelson
|
Batting: LHB Carlos Sepulveda
|
0-0: Ground out 6-3 (Groundball, 6)
|
Batting: RHB John Norwood
|
0-0: Foul Ball, location: 2F 0-1: Ball 1-1: Foul Ball, location: 2F 1-2: Ball 2-2: Ground out 6-3 (Groundball, 6)
|
Batting: SHB Tommy Edman
|
0-0: Ball 1-0: Called Strike 1-1: Called Strike 1-2: Fly out, F3 (Flyball, 34D)
|
Top of the 4th over - 0 runs, 0 hits, 0 errors, 0 left on base; San Antonio 4 - Harrisburg 1 |
BOTTOM OF THE 4TH |
Harrisburg Senators batting - Pitching for San Antonio Missions : RHP Connor Grey
|
Batting: LHB Cord Sandberg
|
0-0: Foul Ball, location: 2F 0-1: SINGLE (Line Drive, 89S)
|
Batting: LHB Jeremy Vasquez
|
0-0: Called Strike 0-1: Ball 1-1: Ball 2-1: Swinging Strike 2-2: Fly out, F8 (Flyball, 8RM)
|
Batting: RHB K.J. Harrison
|
0-0: Called Strike 0-1: Foul Ball, location: 2F 0-2: Fly out, F6 (Flyball, 56D)
|
Batting: LHB Isael Soto
|
0-0: Foul Ball, location: 2F 0-1: Ball 1-1: Called Strike 1-2: Strikes out swinging
|
Bottom of the 4th over - 0 runs, 1 hit, 0 errors, 1 left on base; San Antonio 4 - Harrisburg 1 |
TOP OF THE 5TH |
San Antonio Missions batting - Pitching for Harrisburg Senators : RHP Nick Nelson
|
Batting: SHB Bryan Reynolds
|
0-0: Called Strike 0-1: Ball 1-1: Ball 2-1: Called Strike 2-2: Ball 3-2: Foul Ball, location: 2F 3-2: Base on Balls
|
Pitching: RHP Jose Mujica
|
|
Batting: LHB Joshua Lowe
|
0-0: Ball 1-0: Called Strike 1-1: DOUBLE (Line Drive, 89XD) Bryan Reynolds to third
|
Batting: RHB Micker Adolfo
|
0-0: Fly out, F8 (Flyball, 8LS)
|
Batting: RHB Danny Mendick
|
0-0: Called Strike 0-1: Foul Ball, location: 2F 0-2: SINGLE (Groundball, 4MD) Bryan Reynolds scores Joshua Lowe to third
|
Batting: RHB Martin Cervenka
|
0-0: Called Strike 0-1: Ball 1-1: Ball 2-1: Ball Wild Pitch! Joshua Lowe scores Danny Mendick to second 3-1: Base on Balls
|
Batting: LHB Dillon Dobson
|
0-0: Called Strike 0-1: Foul Ball, location: 2F 0-2: Strikes out swinging
|
Batting: LHB Carlos Sepulveda
|
0-0: Ball 1-0: Ball 2-0: Called Strike 2-1: SINGLE (Groundball, 23) (infield hit) Danny Mendick to third Martin Cervenka to second
|
Batting: RHB John Norwood
|
0-0: Called Strike 0-1: Swinging Strike 0-2: Ball 1-2: Strikes out swinging
|
Top of the 5th over - 2 runs, 3 hits, 0 errors, 3 left on base; San Antonio 6 - Harrisburg 1 |
BOTTOM OF THE 5TH |
Harrisburg Senators batting - Pitching for San Antonio Missions : RHP Connor Grey
|
Batting: RHB Juan Uriarte
|
0-0: Called Strike 0-1: Called Strike 0-2: Strikes out swinging
|
Batting: RHB Justin Connell
|
0-0: Called Strike 0-1: Ball 1-1: Swinging Strike 1-2: Reached on error, E5 (Groundball, 56)
|
Batting: SHB Vidal Brujan
|
0-0: Fly out, F8 (Flyball, 8LM)
|
Batting: RHB Isaac Paredes
|
0-0: Foul Ball, location: 2F 0-1: SINGLE (Line Drive, 8RS) Justin Connell to third Runner from 3rd tries for Home, SAFE, throw made home Isaac Paredes to second
|
Batting: SHB Rosell Herrera
|
0-0: Ball 1-0: Reached on error, E6 (Groundball, 6) Isaac Paredes scores
|
Batting: LHB Cord Sandberg
|
0-0: Ball 1-0: Called Strike 1-1: Foul Ball, location: 2F 1-2: Fly out, F9 (Flyball, 9)
|
Bottom of the 5th over - 2 runs, 1 hit, 2 errors, 1 left on base; San Antonio 6 - Harrisburg 3 |
TOP OF THE 6TH |
San Antonio Missions batting - Pitching for Harrisburg Senators : RHP Jose Mujica
|
Batting: SHB Tommy Edman
|
0-0: Ball 1-0: Foul Ball, location: 2F 1-1: Ball 2-1: Foul Ball, location: 2F 2-2: Ball 3-2: Ground out 3-1 (Groundball, 3S)
|
Pitching: RHP Kevin Comer
|
|
Batting: SHB Bryan Reynolds
|
0-0: Called Strike 0-1: Foul Ball, location: 2F 0-2: SINGLE (Line Drive, 4D)
|
Batting: LHB Joshua Lowe
|
0-0: Called Strike 0-1: Called Strike 0-2: Ball 1-2: Ball 2-2: Fly out, F8 (Line Drive, 8LD)
|
Batting: RHB Micker Adolfo
|
0-0: Ball 1-0: Ball 2-0: Fly out, F7 (Flyball, 7LS)
|
Top of the 6th over - 0 runs, 1 hit, 0 errors, 1 left on base; San Antonio 6 - Harrisburg 3 |
BOTTOM OF THE 6TH |
Harrisburg Senators batting - Pitching for San Antonio Missions : RHP Connor Grey
|
Batting: LHB Jeremy Vasquez
|
0-0: Ball 1-0: SINGLE (Groundball, 4D)
|
Batting: RHB K.J. Harrison
|
0-0: Ball 1-0: Hit by Pitch Jeremy Vasquez to second
|
Batting: LHB Isael Soto
|
0-0: Called Strike 0-1: Called Strike 0-2: Ball 1-2: Ball 2-2: Strikes out swinging
|
Batting: RHB Juan Uriarte
|
0-0: Ball 1-0: Ball 2-0: Ball 3-0: Base on Balls Jeremy Vasquez to third K.J. Harrison to second
|
Batting: RHB Justin Connell
|
0-0: Ball 1-0: Ball 2-0: Foul Ball, location: 2F 2-1: Grounds into double play, 5-2-3 (Groundball, 56S)
|
Bottom of the 6th over - 0 runs, 1 hit, 0 errors, 2 left on base; San Antonio 6 - Harrisburg 3 |
TOP OF THE 7TH |
San Antonio Missions batting - Pitching for Harrisburg Senators : RHP Kevin Comer
|
Batting: RHB Danny Mendick
|
0-0: Called Strike 0-1: DOUBLE (Line Drive, 89D)
|
Batting: RHB Martin Cervenka
|
0-0: Ball 1-0: Foul Ball, location: 2F 1-1: Ball 2-1: TRIPLE (Line Drive, 9LD) Danny Mendick scores
|
Pitching: LHP Trevor Lane
|
|
Batting: LHB Dillon Dobson
|
0-0: SINGLE (Groundball, 4MD) Martin Cervenka scores
|
Batting: LHB Carlos Sepulveda
|
0-0: Foul Ball, location: 2F 0-1: Called Strike 0-2: Ball 1-2: Strikes out swinging
|
Batting: RHB John Norwood
|
0-0: Hit by Pitch Dillon Dobson to second
|
Batting: SHB Tommy Edman
|
0-0: Foul Ball, location: 2F 0-1: Ball 1-1: Ball 2-1: Called Strike 2-2: Grounds into double play, 6-4-3 (Groundball, 6)
|
Top of the 7th over - 2 runs, 3 hits, 0 errors, 1 left on base; San Antonio 8 - Harrisburg 3 |
BOTTOM OF THE 7TH |
Harrisburg Senators batting - Pitching for San Antonio Missions : RHP Connor Grey
|
Pitching: RHP Zach Thompson
|
|
Batting: SHB Vidal Brujan
|
0-0: Ball 1-0: SINGLE (Line Drive, 7S)
|
Batting: RHB Isaac Paredes
|
0-0: Ball 1-0: Called Strike 1-1: Fly out, F7 (Flyball, 7S)
|
Batting: SHB Rosell Herrera
|
0-0: Ball Vidal Brujan steals 2nd base 1-0: Swinging Strike 1-1: Swinging Strike 1-2: Ball 2-2: Strikes out swinging
|
Batting: LHB Cord Sandberg
|
0-0: Ball 1-0: Foul Ball, location: 2F 1-1: Ball 2-1: Swinging Strike 2-2: Ball 3-2: Foul Ball, location: 2F 3-2: Foul Ball, location: 2F 3-2: Base on Balls
|
Batting: LHB Jeremy Vasquez
|
0-0: Ball 1-0: Called Strike 1-1: Ground out 5-3 (Groundball, 5L)
|
Bottom of the 7th over - 0 runs, 1 hit, 0 errors, 2 left on base; San Antonio 8 - Harrisburg 3 |
TOP OF THE 8TH |
San Antonio Missions batting - Pitching for Harrisburg Senators : LHP Trevor Lane
|
Batting: SHB Bryan Reynolds
|
0-0: Foul Ball, location: 2F 0-1: Foul Ball, location: 2F 0-2: Strikes out swinging
|
Batting: LHB Joshua Lowe
|
0-0: Called Strike 0-1: Ground out 4-3 (Groundball, 4)
|
Batting: RHB Micker Adolfo
|
0-0: Ball 1-0: DOUBLE (Line Drive, 7LM)
|
Batting: RHB Danny Mendick
|
0-0: Called Strike 0-1: Foul Ball, location: 2F 0-2: Ball 1-2: Ball 2-2: Strikes out swinging
|
Top of the 8th over - 0 runs, 1 hit, 0 errors, 1 left on base; San Antonio 8 - Harrisburg 3 |
BOTTOM OF THE 8TH |
Harrisburg Senators batting - Pitching for San Antonio Missions : RHP Zach Thompson
|
Batting: RHB K.J. Harrison
|
0-0: Swinging Strike 0-1: Ball 1-1: Foul Ball, location: 2F 1-2: Ball 2-2: Foul Ball, location: 2F 2-2: Ball 3-2: Ground out 5-3 (Groundball, 56S)
|
Batting: LHB Isael Soto
|
0-0: Ball 1-0: Swinging Strike 1-1: Fly out, F9 (Flyball, 9S)
|
Batting: RHB Juan Uriarte
|
0-0: DOUBLE (Flyball, 8LXD)
|
Batting: RHB Justin Connell
|
0-0: Called Strike 0-1: Ground out 6-3 (Groundball, 6M)
|
Bottom of the 8th over - 0 runs, 1 hit, 0 errors, 1 left on base; San Antonio 8 - Harrisburg 3 |
TOP OF THE 9TH |
San Antonio Missions batting - Pitching for Harrisburg Senators : LHP Trevor Lane
|
Batting: RHB Martin Cervenka
|
0-0: Called Strike 0-1: Foul Ball, location: 2F 0-2: Fly out, F8 (Flyball, 8RXD)
|
Batting: LHB Dillon Dobson
|
0-0: Ball 1-0: SOLO HOME RUN (Flyball, 9LD), Distance : 351 ft
|
Batting: LHB Carlos Sepulveda
|
0-0: Ground out 5-3 (Groundball, 5L)
|
Batting: RHB John Norwood
|
0-0: Ball 1-0: SOLO HOME RUN (Flyball, 89XD), Distance : 392 ft
|
Batting: SHB Tommy Edman
|
0-0: Foul Ball, location: 2F 0-1: Ball 1-1: Foul Ball, location: 2F 1-2: Strikes out swinging
|
Top of the 9th over - 2 runs, 2 hits, 0 errors, 0 left on base; San Antonio 10 - Harrisburg 3 |
BOTTOM OF THE 9TH |
Harrisburg Senators batting - Pitching for San Antonio Missions : RHP Zach Thompson
|
Batting: SHB Vidal Brujan
|
0-0: Foul Ball, location: 2F 0-1: Ball 1-1: Swinging Strike 1-2: Foul Ball, location: 2F 1-2: SINGLE (Line Drive, 8RS)
|
Batting: RHB Isaac Paredes
|
0-0: Foul Ball, location: 2F 0-1: Ball 1-1: Foul Ball, location: 2F 1-2: DOUBLE (Line Drive, 7LD) Vidal Brujan to third
|
Pitching: RHP Colby Blueberg
|
|
Batting: SHB Rosell Herrera
|
0-0: Called Strike 0-1: Ball 1-1: Swinging Strike 1-2: Ball 2-2: Strikes out swinging
|
Batting: LHB Cord Sandberg
|
0-0: Ground out U3 (Groundball, 3)
|
Pinch Hitting: LHB Darick Hall
|
0-0: Called Strike 0-1: Ball 1-1: Fly out, F9 (Flyball, 89M)
|
Bottom of the 9th over - 0 runs, 2 hits, 0 errors, 2 left on base; San Antonio 10 - Harrisburg 3 |
|